 Dungeon Crawl Stone Soup version 0.30-a0-1114-gd936c97349 (webtiles) character file.

Game seed: 8517992587393537292

14399 BlueFish the Covert (level 12, -4/79 HPs)
             Began as an Octopode Warper on Apr 20, 2023.
             Slain by a cane toad (8 damage)
             ... while petrified by a basilisk
             ... on level 1 of the Lair of Beasts.
             The game lasted 00:31:21 (12750 turns).

BlueFish the Covert (Octopode Warper)              Turns: 12750, Time: 00:31:21

Health: -4/79      AC:  5    Str: 27    XL:     12   Next: 16%
Magic:  27/39      EV:  2    Int: 16    God:
Gold:   1038       SH:  0    Dex: 14    Spells: 7/24 levels left

rFire   . . .      SeeInvis +    a - +12 flail of Wyaleo {pain, Dex+3}
rCold   . . .      Faith    .    k - +0 buckler
rNeg    + + +      Spirit   .    D - +0 hat {Stlth+}
rPois   ∞          Reflect  +    P - amulet of reflection
rElec   .          Rampage  .    d - +6 ring of strength
rCorr   .                        h - ring of magical power
Will    .....                    s - ring of see invisible
Stlth   +++++++                  p - +4 ring of protection
HPRegen 0.33/turn                B - +6 ring of strength
MPRegen 0.26/turn                G - ring of magical power
                                 (no ring)
                                 (no ring)

@: petrified
A: almost no armour, amphibious, 8 rings, camouflage 1, gelatinous body 1,
(nimble swimmer 1), tentacles
a: no special abilities


You were on level 1 of the Lair of Beasts.
You visited 2 branches of the dungeon, and saw 12 of its levels.
You also visited: Ossuary.

You collected 1542 gold pieces.
You spent 504 gold pieces at shops.

Inventory:

Hand Weapons
 a - the +12 flail of Wyaleo (weapon) {pain, Dex+3}
   (You found it on level 4 of the Dungeon)

   Dex:       It affects your dexterity (+3).
 b - a +0 sling
Missiles
 c - 7 boomerangs of dispersal
 f - 86 stones (quivered)
 t - 5 boomerangs
 v - 3 throwing nets
 x - 5 javelins
 A - 15 poisoned darts
Armour
 k - a +0 buckler (worn)
 D - a +0 hat of stealth (worn)
Jewellery
 d - a +6 ring of strength (left tentacle)
 h - a ring of magical power (right tentacle)
 p - a +4 ring of protection (on tentacle)
 s - a ring of see invisible (on tentacle)
 B - a +6 ring of strength (on tentacle)
 G - a ring of magical power (on tentacle)
 P - an amulet of reflection (around mantle)
Wands
 e - a wand of digging (3)
 E - a wand of roots (10)
 K - a wand of flame (28)
 M - a wand of mindburst (13)
Scrolls
 i - 2 scrolls of blinking
 j - a scroll of silence {unknown}
 l - a scroll of torment {unknown}
 o - 2 scrolls of fog
 r - 3 scrolls of vulnerability
 y - 2 scrolls of teleportation
 z - 3 scrolls of fear {unknown}
 C - a scroll of amnesia {unknown}
 I - a scroll of poison {unknown}
 J - a scroll of enchant weapon {unknown}
 N - a scroll of butterflies {unknown}
Potions
 g - 9 potions of attraction
 m - 4 potions of heal wounds
 n - 2 potions of lignification
 q - 2 potions of cancellation
 u - a potion of invisibility
 w - 4 potions of flight
 F - 8 potions of curing
 L - a potion of ambrosia
 O - a potion of might {unknown}
 Q - 2 potions of mutation


   Skills:
 + Level 6.2 Fighting
 + Level 6.1 Maces & Flails
 + Level 6.0 Throwing
 + Level 6.2 Dodging
 + Level 11.3 Stealth
 + Level 6.4 Shields
 - Level 1.6 Unarmed Combat
 - Level 6.5 Spellcasting
 + Level 6.5 Translocations
 * Level 3.5 Transmutations
 * Level 3.5 Earth Magic
 + Level 4.7 Evocations


You had 7 spell levels left.
You knew the following spells:

 Your Spells              Type           Power      Damage    Failure   Level
a - Blink                 Tloc           52%        N/A       1%          2
b - Lesser Beckoning      Tloc           52%        N/A       1%          2
c - Teleport Other        Tloc           26%        N/A       3%          3
d - Manifold Assault      Tloc           26%        N/A       11%         4
e - Statue Form           Tmut/Erth      10%        N/A       99%         6

Your spell library contained the following spells:

 Spells                   Type           Power      Damage    Failure   Level
 Vhi's Electric Charge    Tloc/Air       30%        N/A       13%         3
 Kiss of Death            Conj/Necr      20%        2d7       17%         1
 Cigotuvi's Dreadful Rot  Necr/Pois/Air  10%        N/A       26%         2
 Ignite Poison            Fire/Tmut/Pois 9%         N/A       30%         3
 Confusing Touch          Hex            5%         N/A       45%         3
 Leda's Liquefaction      Hex/Erth       5%         N/A       61%         4
 Lee's Rapid Deconstruct  Erth           8%         3d7*      71%         5
 Dispel Undead            Necr           5%         3d7       86%         4
 Arcjolt                  Conj/Air       2%         1d12      99%         5
 Freezing Cloud           Conj/Ice/Air   2%         6-21      99%         5
 Death Channel            Necr           2%         N/A       100%        6
 Maxwell's Capacitive Co  Air            2%         ∞         100%        8


Dungeon Overview and Level Annotations

Branches:
Dungeon (11/15)            Temple (0/1) D:6            Lair (1/5) D:10
    Orc (0/2) D:9         Ossuary (visited)

Altars:
Elyvilon
Fedhas
Gozag
Okawaru
Sif Muna
Uskayaw
Vehumet
Xom
Yredelemnul
Zin

Shops:
D:4 :   D:5 (   D:6 *   D:8 [

Annotations:
D:11 2 transporters, exclusion: oklob plant, jasper's ghost, journeyman OgFi


Innate Abilities, Weirdness & Mutations

You cannot wear most types of armour.
You are amphibious.
You can wear up to eight rings at the same time.
Your skin changes colour to match your surroundings (Stealth+).
Your rubbery body absorbs attacks. (AC +1, EV +1)
((You are camouflaged when in or above water. (Stealth+)))
You have tentacles for arms and can constrict up to eight enemies at once.


Message History

You closely miss the basilisk.
The yak bellows!
You hit the yak. You thump the yak! The basilisk gazes at you.
You are slowing down.
A yak comes into view.
Casting: Manifold Assault (dangerous; 11% risk of failure)
Confirm with . or Enter, or press ? or * to list all spells.
Space momentarily warps into an impossible shape!
The yak bellows!
You hit the basilisk. You bludgeon the yak!! You sock the yak!
A cane toad comes into view.
You have turned to stone.
The cane toad gives a loud, deep croak!
The basilisk bites you! The basilisk bites you! The yak gores you.
The yak bellows!
The basilisk gazes at you. The yak gores you. x2
The basilisk bites you but does no damage.
The yak gores you! x2
The yak barely misses you. The yak gores you! The basilisk bites you!
The yak gores you!
The yak gores you! x2; The basilisk bites you!
The basilisk gazes at you. You resist with some effort. The yak gores you.
The yak gores you!
* * * LOW HITPOINT WARNING * * *
The yak gores you!
* * * LOW HITPOINT WARNING * * *
The cane toad stings you!
* * * LOW HITPOINT WARNING * * *
The basilisk bites you but does no damage.
The yak gores you.
* * * LOW HITPOINT WARNING * * *
The yak gores you but does no damage. The yak gores you.
* * * LOW HITPOINT WARNING * * *
The yak gores you!
* * * LOW HITPOINT WARNING * * *
The cane toad stings you!
You die...

.^.... #.....
#.....# #......
##
......P###.###.
)..............
.......YY......
......l@FY.....
.......YYY.....
..[..####......
.... ...... ...
.#... .. .P ..
. ?. . ...


You could see 6 yaks, a cane toad and a basilisk.

Vanquished Creatures
  A hydra (D:11)
  3 two-headed ogres
  Pikel (D:4)
  An ugly thing (D:9)
  2 cyclopes (D:11)
  Maurice (D:9)
  3 trolls
  2 shadows
  A wraith (D:11)
  16 yaks
  3 steam dragons
  10 vampire mosquitoes
  A water moccasin (D:6)
  10 orc warriors
  An ice beast (D:7)
  3 black bears
  2 ogres
  7 centaurs
  A lemure (D:4)
  7 bullfrogs
  3 scorpions (D:4)
  3 water moccasin zombies (Ossuary)
  11 wights
  11 killer bees
  A howler monkey (D:5)
  A jelly (D:6)
  6 orc priests
  3 gnoll boudas
  A hound (D:4)
  A sleepcap (D:3)
  Natasha (twice) (D:4)
  7 iguanas
  3 orc wizards
  2 mummies (Ossuary)
  Robin (D:2)
  7 adders
  19 gnolls
  2 shadow imps
  An ufetubus (D:7)
  4 adder zombies (Ossuary)
  3 worms
  A dart slug (D:2)
  34 orcs
  5 ball pythons
  2 bats (D:3)
  8 endoplasms
  4 giant cockroaches
  2 gnoll zombies (Ossuary)
  15 goblins
  10 hobgoblins
  5 kobolds
  3 quokkas
  6 frilled lizards
  6 hobgoblin zombies (Ossuary)
  6 orc zombies (Ossuary)
  15 rats
290 creatures vanquished.

Vanquished Creatures (others)
  13 fungi (D:10)
  23 plants
36 creatures vanquished.

Grand Total: 326 creatures vanquished

Notes
Turn   | Place    | Note
-------+----------+-------------------------------------------
     0 | D:1      | BlueFish the Octopode Warper began the quest for the Orb.
     0 | D:1      | Reached XP level 1. HP: 14/14 MP: 3/3
    77 | D:1      | Reached XP level 2. HP: 17/19 MP: 5/5
   111 | D:1      | Reached skill level 1 in Unarmed Combat
   322 | D:1      | Reached XP level 3. HP: 24/24 MP: 6/6
   333 | D:1      | Learned a level 2 spell: Blink
   336 | D:1      | Learned a level 2 spell: Lesser Beckoning
   746 | D:2      | Noticed Robin
  1003 | D:2      | Killed Robin
  1004 | D:2      | Reached XP level 4. HP: 12/30 MP: 7/7
  1085 | D:2      | Reached skill level 1 in Stealth
  1126 | D:2      | Found a shimmering blue altar of Sif Muna.
  1679 | D:3      | Reached XP level 5. HP: 30/35 MP: 8/8
  1686 | D:3      | Reached skill level 1 in Shields
  1857 | D:3      | Reached skill level 2 in Stealth
  2506 | D:4      | Learned a level 3 spell: Teleport Other
  2515 | D:4      | Reached XP level 6. HP: 41/41 MP: 9/9
  2555 | D:4      | Noticed Natasha
  2567 | D:4      | Killed Natasha
  2654 | D:4      | Reached skill level 3 in Stealth
  2877 | D:4      | Found a white marble altar of Elyvilon.
  2903 | D:4      | Found a basalt altar of Yredelemnul.
  2945 | D:4      | Reached XP level 7. HP: 46/46 MP: 11/11
  2968 | D:4      | Identified the +12 flail of Wyaleo {pain, Dex+3}
  3011 | D:4      | Reached skill level 4 in Stealth
  3071 | D:4      | Found Pawaitoi's Book Shoppe.
  3276 | D:4      | Noticed Pikel
  3298 | D:4      | Killed Pikel
  3299 | D:4      | Reached skill level 5 in Stealth
  3299 | D:4      | Reached XP level 8. HP: 20/53 MP: 13/13
  3518 | D:4      | Found an opulent altar of Gozag.
  3744 | D:4      | Noticed Natasha
  3750 | D:4      | Killed Natasha
  3810 | D:5      | Entered Level 5 of the Dungeon
  4134 | D:5      | Reached skill level 6 in Stealth
  4139 | D:5      | Learned a level 4 spell: Manifold Assault
  4164 | D:5      | Found Tuipy's Weapon Shoppe.
  4676 | D:6      | Reached XP level 9. HP: 58/58 MP: 14/14
  4866 | D:6      | Found Miaw Losk's Overcharged Wands.
  4894 | D:6      | Reached skill level 7 in Stealth
  4948 | D:4      | Bought a book of the Earth for 504 gold pieces
  5223 | D:6      | Found a staircase to the Ecumenical Temple.
  5509 | D:7      | Found a shimmering altar of Xom.
  6581 | D:8      | Identified 2 scrolls of acquirement
  6581 | D:8      | Acquired 662 gold pieces
  6584 | D:8      | Acquired a +0 hat of stealth
  6686 | D:8      | Reached skill level 1 in Evocations
  6705 | D:8      | Reached skill level 5 in Translocations
  6707 | D:8      | Found a hide-covered altar of Uskayaw.
  6730 | D:8      | Found Coel's Armour Shoppe.
  6830 | D:8      | Reached skill level 5 in Shields
  6832 | D:8      | Reached skill level 8 in Stealth
  6845 | D:8      | Found a sand-covered staircase.
  6854 | Ossuary  | Entered an ossuary
  7093 | Ossuary  | Reached XP level 10. HP: 47/65 MP: 17/17
  7512 | D:9      | Found a glowing silver altar of Zin.
  7626 | D:9      | Reached skill level 5 in Spellcasting
  7639 | D:9      | Reached skill level 5 in Fighting
  7639 | D:9      | Reached skill level 5 in Dodging
  8011 | D:9      | Reached skill level 9 in Stealth
  8018 | D:9      | Reached skill level 5 in Maces & Flails
  8575 | D:9      | Noticed a purple ugly thing
  8832 | D:9      | Noticed Maurice
  8896 | D:9      | Found a staircase to the Orcish Mines.
  9072 | D:9      | Noticed a two-headed ogre
  9104 | D:9      | Killed a two-headed ogre
  9287 | D:9      | Reached skill level 5 in Throwing
  9290 | D:9      | Killed a purple ugly thing
  9291 | D:9      | Reached skill level 10 in Stealth
  9291 | D:9      | Reached XP level 11. HP: 55/72 MP: 19/19
  9599 | D:9      | Killed Maurice
  9864 | D:10     | Entered Level 10 of the Dungeon
  9887 | D:10     | Learned a level 6 spell: Statue Form
  9928 | D:10     | You fall into a shaft and drop 1 floor!
  9928 | D:11     | Found a transporter.
  9928 | D:11     | Found a transporter.
 10101 | D:11     | Noticed a two-headed ogre
 10108 | D:11     | Killed a two-headed ogre
 10109 | D:11     | Reached skill level 1 in Transmutations
 10109 | D:11     | Reached skill level 1 in Earth Magic
 10202 | D:11     | Noticed a cyclops
 10241 | D:10     | Noticed a two-headed ogre
 10375 | D:10     | Identified the +2 chain mail of Living Awe {rN++}
 10739 | D:10     | Found a radiant altar of Vehumet.
 10791 | D:10     | Found an iron altar of Okawaru.
 11271 | D:10     | Found a staircase to the Lair.
 11484 | D:10     | Killed a two-headed ogre
 11485 | D:10     | Reached skill level 11 in Stealth
 11584 | D:10     | HP: 2/72 [troll (10)]
 11796 | D:11     | Killed a cyclops
 11977 | D:11     | Noticed an eight-headed hydra
 12003 | D:11     | Noticed a brown ugly thing
 12012 | D:11     | Noticed a cyclops
 12063 | D:11     | Noticed a two-headed ogre
 12085 | D:11     | Reached XP level 12. HP: 58/79 MP: 12/21
 12244 | D:11     | Killed an eight-headed hydra
 12542 | D:11     | Found a blossoming altar of Fedhas.
 12618 | D:11     | Noticed jasper's ghost (journeyman OgFi)
 12621 | D:11     | Identified the ring of the Puckish Mangosteen {rF- rC+
                  | Will+ Dex+2 SInv}
 12736 | Lair:1   | Entered Level 1 of the Lair of Beasts
 12749 | Lair:1   | HP: 3/79 [yak (7)]
 12750 | Lair:1   | Slain by a cane toad

Illustrated notes

Levels and vault maps discovered:
D:1:      dpeg_arrival_prison, layout_rooms
D:2:      layout_rooms, basic_altar, guppyfry_early_lair_pool, uniq_robin
D:3:      minmay_diamond_boxcup, layout_basic, minmay_cupped
D:4:      layout_basic, elyvilon_altar_1, kennysheep_mini, grunt_gozag_statues,
          serial_shops, nicolae_diamond_shop, minmay_misc_feat_diagonals,
          minmay_misc_feat_columns, uniq_natasha, uniq_pikel
D:5:      layout_layer_cave, serial_shops, shop_coins
D:6:      layout_basic, lemuel_temple_firewalk_a, nicolae_shop_overcharged_wands
D:7:      layout_layer_cave, mainiacjoe_overflow_surrounded_room
D:8:      layout_rooms, mainiacjoe_overflow_paths, serial_shops, shop,
          lightli_ossuary_entry_decrepit_ruins
D:9:      layout_grid_maze, old_standard_altar, david_orc_5, uniq_maurice
D:10:     layout_roguey, okawaru_ov_weapons_minmay,
          mainiacjoe_overflow_tiny_flanked, grunt_lair_entry_orc_guard_hut
D:11:     layout_rooms, nzn_ghost_randoct, fedhas_ov_isle_minmay
Lair:1:   layout_chaotic_city, gauntlet_entry_generic

Skill      XL: |  1  2  3  4  5  6  7  8  9 10 11 12 |
---------------+-------------------------------------+-----
Unarmed Combat | 1 |  1.6
Stealth        | 1 2 3 5 6 8 10 11 | 11.3
Shields        | 1 2 3 4 5 6 |  6.4
Throwing       | 2 3 4 5 6 |  6.0
Dodging        | 3 4 5 6 |  6.2
Fighting       | 3 4 5 6 |  6.2
Maces & Flails | 3 4 5 6 |  6.1
Spellcasting   | 3 4 5 6 |  6.5
Translocations | 4 5 6 |  6.5
Evocations     | 2 3 4 |  4.7
Transmutations | 3 |  3.5
Earth Magic    | 3 |  3.5

Action                     |  1- 3 |  4- 6 |  7- 9 | 10-12 || total
---------------------------+-------+-------+-------+-------++-------
  Melee: Mace              |    30 |       |       |       ||    30
         Constrict         |    18 |    24 |    36 |    31 ||   109
         Tentacles         |    13 |    25 |    22 |    56 ||   116
         Punch             |     2 |     2 |     1 |     3 ||     8
         Whip              |    41 |    92 |       |       ||   133
         Flail             |       |       |   146 |   301 ||   447
   Fire: Sling             |    21 |   127 |    74 |    34 ||   256
  Throw: Dart              |       |     2 |       |     8 ||    10
         Stone             |       |       |       |     2 ||     2
         Boomerang         |       |       |       |     3 ||     3
   Cast: Lesser Beckoning  |       |       |    10 |    23 ||    33
         Manifold Assault  |       |       |       |    50 ||    50
         Teleport Other    |       |       |       |     2 ||     2
         Blink             |       |       |       |     2 ||     2
    Use: Scroll            |       |     4 |     7 |     6 ||    17
         Potion            |       |       |     1 |     3 ||     4
   Stab: Sleeping          |     7 |     1 |    13 |     4 ||    25
 Armour: Skin              |     3 |    10 |    25 |    37 ||    75
  Dodge: Dodged            |    47 |    45 |    79 |   121 ||   292
  Block: Buckler           |       |     9 |    38 |    98 ||   145

Table legend: (Time is in decaauts)
 A = Elapsed time spent in this place.
 B = Non-inter-level travel time spent in this place.
 C = Inter-level travel time spent in this place.
 D = Time resting spent in this place.
 E = Time spent auto-exploring this place.
 F = Levels seen in this place.
 G = Mean time per level.
                   A        B        C        D        E       F      G
               +--------+--------+--------+--------+--------+-----+--------+
         Total |  12828 |  12344 |    484 |    290 |   9272 |  13 |  986.8 |
       Dungeon |  12476 |  11992 |    484 |    290 |   9003 |  11 | 1134.2 |
          Lair |     15 |     15 |      0 |      0 |      0 |   1 |   15.0 |
       Ossuary |    337 |    337 |      0 |      0 |    269 |   1 |  337.0 |
               +--------+--------+--------+--------+--------+-----+--------+

Top non-repeatable levels by time:
     D:9: 2465 daAuts
    D:10: 1654 daAuts
     D:4: 1361 daAuts
     D:7: 1249 daAuts
    D:11: 1216 daAuts
     D:3: 1125 daAuts
     D:6: 889 daAuts
     D:1: 789 daAuts
     D:2: 614 daAuts
     D:5: 609 daAuts
     D:8: 502 daAuts
 Ossuary: 337 daAuts
  Lair:1: 15 daAuts
